 Dungeon Crawl Stone Soup version 0.21.0-24-g2553a33 (webtiles) character file.

7 Shandreya the Sneak (level 2, -1/19 HPs)
             Began as a Gnoll Enchanter on Jan 21, 2018.
             Slain by a kobold
             ... wielding a +0 whip
              (3 damage)
             ... on level 1 of the Dungeon.
             The game lasted 00:00:15 (150 turns).

Shandreya the Sneak (Gnoll Enchanter)                Turns: 150, Time: 00:00:16

Health: -1/19      AC:  2    Str: 10    XL:     2   Next: 4%
Magic:  7/7        EV: 14    Int: 17    God:
Gold:   34         SH:  0    Dex: 15    Spells: 9/10 levels left

rFire    . . .     SeeInvis .   a - +1 dagger
rCold    . . .     Gourm    .   (no shield)
rNeg     . . .     Faith    .   b - +0 robe
rPois    .         Spirit   .   (no helmet)
rElec    .         Reflect  .   (no cloak)
rCorr    .         Harm     .   (no gloves)
MR       .....     Rnd*Tele +   (no boots)
Stlth    ++........             (no amulet)
HPRegen  0.06/turn              e - ring of teleportation (curse) {+/*tele, !d}
MPRegen  0.10/turn              f - ring of loudness (curse) {Stlth-}

@: no status effects
A: distributed training, fangs 1, strong nose
a: no special abilities


You were on level 1 of the Dungeon.
You were not hungry.

You visited 1 branch of the dungeon, and saw 1 of its levels.

You collected 34 gold pieces.

Inventory:

Hand Weapons
 a - a +1 dagger (weapon)
Armour
 b - a +0 robe (worn)
Jewellery
 e - a cursed ring of teleportation (left hand) {+/*tele, !d}
   (You found it on level 1 of the Dungeon)
 f - a cursed ring of loudness (right hand) {Stlth-}
   (You found it on level 1 of the Dungeon)
Scrolls
 g - a scroll of identify {unknown}
Books
 c - a book of Maledictions
Comestibles
 d - a ration


   Skills:
 + Level 0.2 Fighting
 + Level 2.4 Short Blades
 + Level 0.2 Long Blades
 + Level 0.2 Axes
 + Level 0.2 Maces & Flails
 + Level 0.2 Polearms
 + Level 0.2 Staves
 + Level 0.2 Slings
 + Level 0.2 Bows
 + Level 0.2 Crossbows
 + Level 0.2 Throwing
 + Level 0.2 Armour
 + Level 4.4 Dodging
 + Level 5.9 Stealth
 + Level 0.2 Shields
 + Level 0.2 Unarmed Combat
 + Level 4.9 Spellcasting
 + Level 0.1 Conjurations
 + Level 5.3 Hexes
 + Level 0.1 Charms
 + Level 0.1 Summonings
 + Level 0.1 Necromancy
 + Level 0.1 Translocations
 + Level 0.1 Transmutations
 + Level 0.1 Fire Magic
 + Level 0.1 Ice Magic
 + Level 0.1 Air Magic
 + Level 0.1 Earth Magic
 + Level 0.1 Poison Magic
 + Level 0.3 Invocations
 + Level 0.2 Evocations


You had 9 spell levels left.
You knew the following spells:

 Your Spells              Type           Power        Failure   Level  Hunger
v - Corona                Hex            ###....      1%          1    None


Dungeon Overview and Level Annotations

Branches:
Dungeon (1/15)

Altars:


Innate Abilities, Weirdness & Mutations

Your experience applies equally to all skills.
You have very sharp teeth.
Your uncanny sense of smell can sniff out nearby items.


Message History

You kill the goblin!
The bat hits you but does no damage. The bat barely misses you.
You closely miss the rat. The bat hits you but does no damage. x2
The rat closely misses you.
You hit the rat. You bite the rat.
You kill the rat!
The bat completely misses you. The bat completely misses you.
You see here a rat corpse.
The bat hits you but does no damage.
You hit the bat.
The bat is severely wounded.
The bat barely misses you. The bat barely misses you.
Things that are here:
a club; a goblin corpse You hit the bat.
You kill the bat!
No target in view!
No target in view!
No target in view!
No target in view!
No target in view!
No target in view!
No target in view!
No target in view!
No target in view!
No target in view!
No target in view!
No target in view!
No target in view!
No target in view!
No target in view!
Things that are here:
a bat corpse; a goblin corpse
Things that are here:
a club; a goblin corpse
f - a pearl ring
g - a scroll labeled ZALOBIFFE Put on which piece of jewellery? (? for menu, Esc to quit)
Oops, that ring feels deathly cold.
f - a cursed ring of loudness (right hand)
Found an escape hatch in the floor.
You now have 20 gold pieces (gained 7).
You see here a robe.
A giant cockroach comes into view.
A giant cockroach is nearby!
A giant cockroach is nearby!
A giant cockroach is nearby!
You hit the giant cockroach.
The giant cockroach is lightly wounded.
The giant cockroach bites you but does no damage.
You hit the giant cockroach.
You bite the giant cockroach, but do no damage.
The giant cockroach is severely wounded.
The giant cockroach barely misses you.
You closely miss the giant cockroach.
The giant cockroach is severely wounded.
The giant cockroach barely misses you.
You barely miss the giant cockroach.
The giant cockroach is severely wounded.
The giant cockroach bites you.
You hit the giant cockroach.
You kill the giant cockroach!
You have reached level 2!
You now have 28 gold pieces (gained 8).
You now have 34 gold pieces (gained 6).
A kobold comes into view. It is wielding a whip.
A kobold is nearby!
The kobold hits you with a whip.
You closely miss the kobold. The kobold hits you with a whip.
You hit the kobold but do no damage. The kobold closely misses you.
You hit the kobold.
The kobold is moderately wounded.
The kobold closely misses you.
You miss the kobold.
The kobold is moderately wounded.
The kobold hits you but does no damage.
You closely miss the kobold. You bite the kobold.
The kobold is heavily wounded.
The kobold hits you with a whip.
You closely miss the kobold.
The kobold is heavily wounded.
The kobold hits you with a whip.
You hit the kobold but do no damage.
The kobold is heavily wounded.
You closely miss the kobold.
The kobold is heavily wounded.
The kobold hits you with a whip!
* * * LOW HITPOINT WARNING * * *
You are too injured to fight recklessly!
You are too injured to fight recklessly!
A kobold is nearby!
A kobold is nearby!
You are too injured to fight recklessly!
A rat comes into view.
The kobold completely misses you. The kobold hits you with a whip.
You die...

... #...##.... ..
...######...##..####r..
...#...##..........#..
........#.......!.).## .
..................!..#..
........................
................!.......
........#.......K...#...
...#...##.#...##@.......
#..######.#########.....
.....####.# .#.#
..........# ...
........### .
........... .......####
......## ..>..##


You could see a kobold and a rat (sleeping).

Vanquished Creatures
  A bat (D:1)
  2 giant cockroaches (D:1)
  2 goblins (D:1)
  A rat (D:1)
6 creatures vanquished.

Notes
Turn   | Place    | Note
-------+----------+-------------------------------------------
     0 | D:1      | Shandreya the Gnoll Enchanter began the quest for the Orb.
     0 | D:1      | Reached XP level 1. HP: 13/13 MP: 6/6
   117 | D:1      | Reached XP level 2. HP: 15/19 MP: 7/7
   148 | D:1      | HP: 2/19 [kobold/whip (7)]
   150 | D:1      | Slain by a kobold

Action                   || total
-------------------------++-------
Melee: Dagger            ||    28
       Bite              ||     5
Armor: Robe              ||     5
Dodge: Dodged            ||    19

Vault maps used:
D:1:      minmay_arrival_four_circles, serial_glass, glass_columns_b,
          glass_columns_b

Table legend:
 A = Turns spent in this place as a percentage of turns spent in the entire game.
 B = Non-inter-level travel turns spent in this place as a percentage of non-inter-level travel turns spent in the entire game.
 C = Inter-level travel turns spent in this place as a percentage of turns spent in this place.
 D = Turns resting spent in this place as a percentage of non-inter-level travel turns spent in this place.
 E = Turns spent auto-exploring this place as a percentage of non-inter-level travel turns spent in this place.
 F = Non-inter-level travel turns spent in this place divided by the number of levels of this place that you've seen.
                   A       B       C       D       E      F
               +-------+-------+-------+-------+-------+----------------------
         Total | 100.0 | 100.0 |   0.0 |   0.0 |  61.3 | 150.0
       Dungeon | 100.0 | 100.0 |   0.0 |   0.0 |  61.3 | 150.0
               +-------+-------+-------+-------+-------+----------------------

Table legend:
 A = Kills in this place as a percentage of kills in entire the game.
 B = Kills by you in this place as a percentage of kills by you in the entire game.
 C = Kills by friends in this place as a percentage of kills by friends in the entire game.
 D = Other kills in this place as a percentage of other kills in the entire game.
 E = Experience gained in this place as a percentage of experience gained in the entire game.
 F = Experience gained in this place divided by the number of levels of this place that you have seen.
                   A       B       C       D       E      F
               +-------+-------+-------+-------+-------+----------------------
         Total | 100.0 | 100.0 |   N/A |   N/A | 100.0 |  11.0
       Dungeon | 100.0 | 100.0 |   N/A |   N/A | 100.0 |  11.0
               +-------+-------+-------+-------+-------+----------------------
